 Dungeon Sprint DCSS version 0.20.1-1-g8b1a95d (console) character file.

22257 hilaritas the Slayer (level 12, -1/137 HPs)
             Began as a Minotaur Fighter on Jan 22, 2018.
             Was a Follower of Uskayaw.
             Slain by an orc knight
             ... wielding a +0 battleaxe
              (16 damage)
             ... in the Dungeon (Sprint VII: "The Pits").
             The game lasted 00:17:32 (4651 turns).

hilaritas the Slayer (Minotaur Fighter)             Turns: 4651, Time: 00:17:33

Health: -1/137     AC: 18    Str: 26    XL:     12   Next: 61%
Magic:  16/19      EV: 13    Int:  6    God:    Uskayaw [*.....]
Gold:   43         SH: 14    Dex: 12    Spells: 11/11 levels left

rFire    . . .     SeeInvis .   y - +2 scimitar (holy)
rCold    + . .     Gourm    .   c - +0 shield
rNeg     . . .     Faith    .   x - +2 chain mail {rC+}
rPois    .         Spirit   .   (helmet restricted)
rElec    .         Reflect  .   (no cloak)
rCorr    .         Harm     .   B - +0 pair of gloves
MR       +....     Clarity  +   A - +0 pair of boots Stlth ..........NoTele +
                                (no amulet)
Regen    0.4/turn               b - +3 ring of dexterity
MPRegen  0.2/turn               G - ring of protection from magic

@: no status effects
A: retaliatory headbutt, horns 2, blink, clarity, evolution 1
a: Blink, Stomp, Renounce Religion


You were in the Dungeon.
You worshipped Uskayaw.
Uskayaw was aware of your devotion.
You were not hungry.

You visited 1 branch You collected 43 gold pieces.

Inventory:

Hand Weapons
 a - a +0 long sword
 s - a +2 dagger
 v - a +0 long sword of holy wrath
 w - a +1 dagger of electrocution
 y - a +2 scimitar of holy wrath (weapon)
Missiles
 u - 11 tomahawks (quivered)
 M - 5 javelins
 O - 2 throwing nets
Armour
 c - a +0 shield (worn)
 x - a +2 chain mail of cold resistance (worn)
 A - a +0 pair of boots (worn)
 B - a +0 pair of gloves (worn)
Jewellery
 b - a +3 ring of dexterity (left hand)
 t - a +3 ring of protection
 G - a ring of protection from magic (right hand)
 N - an uncursed ring of see invisible
Wands
 F - a wand of enslavement (6/24)
Scrolls
 k - 2 scrolls of blinking
 n - 3 scrolls of remove curse
 o - 5 scrolls of amnesia
 p - a scroll of summoning
 H - 4 scrolls of enchant weapon
 I - 2 scrolls of enchant armour
 J - 3 scrolls of identify
 K - a scroll of fear
 L - a scroll of fog
Potions
 d - 3 potions of might
 e - 8 potions of curing
 g - 7 potions of heal wounds
 h - a potion of haste
 i - 4 potions of magic
 j - a potion of berserk rage
 m - 2 potions of invisibility
 z - 3 potions of brilliance
 C - 2 potions of agility
 D - a potion of mutation
 E - a potion of resistance
Comestibles
 f - 8 bread rations
 l - a chunk of flesh
 q - 38 fruits
 r - 7 meat rations


   Skills:
 * Level 22.1 Fighting
 - Level 16.1 Long Blades
 + Level 15.1 Armour
 - Level 8.4 Dodging
 - Level 15.3 Shields
 - Level 11.1 Invocations


You had 11 spell levels left.
You didn't know any spells.

Dungeon Overview and Level Annotations

Branches:
Dungeon (1/1)

Altars:
Ashenzari
Cheibriados
Dithmenos
Elyvilon
Fedhas
Gozag
Hepliaklqana
Kikubaaqudgha
Makhleb
Nemelex Xobeh
Okawaru
Qazlal
Ru
Sif Muna
Trog
Uskayaw
Vehumet
Xom
Yredelemnul
Zin
The Shining One
Beogh
Jiyva
Lugonu


Innate Abilities, Weirdness & Mutations

You reflexively headbutt those who attack you in melee.
You have a pair of horns on your head.
You can translocate small distances at will.
You possess an exceptional clarity of mind.
You evolve.


Message History

The orc knight is heavily wounded.
The orc knight barely misses you. You furiously retaliate!
You headbutt the orc knight, but do no damage.
You riposte.
You hit the orc knight but do no damage.
The orc knight is heavily wounded.
You slash the orc knight! Your headbutt misses the orc knight.
The orc knight is severely wounded.
You block the orc knight's attack.
You closely miss the orc knight.
The orc knight is severely wounded.
The orc knight hits you with a great sword!!
* * * LOW HITPOINT WARNING * * *
You block the orc knight's attack.
Unknown command.
You feel much better. You block the orc knight's attack.
The orc knight hits you with a great sword!!
* * * LOW HITPOINT WARNING * * *
The orc knight hits you with a battleaxe!
You die...

#..#....#..# #..........+
#..........+ ###++####''#
#''################
#..................
#....o.o.o......§..
#..##############o' #.o# .§
#oo# .. ###### #o@# .. .##)(#
#..# .. .##..# #..# o. .''))#
#..# oo .''..##########..#
.##.))...........#
.##..............#
################## #######
##### #############
.))[..###...####..'.....':.##
.#)#.........##...##...##.).#


You could see 4 orc knights.

Vanquished Creatures
  A frost giant (D)
  A deep elf sorcerer (D)
  An emperor scorpion (D)
  A vampire knight (D)
  Josephine (D)
  2 naga warriors (D)
  Erolcha (D)
  A two-headed ogre (D)
  A salamander mystic (D)
  A sea snake (D)
  A deep troll (D)
  A lindwurm (D)
  3 orc knights (D)
  A deep elf mage (D)
  2 orc sorcerers (D)
  5 elephants (D)
  A merfolk siren (D)
  A black mamba (D)
  A smoke demon (D)
  A naga mage (D)
  A kobold demonologist (D)
  An ice devil (D)
  A freezing wraith (D)
  A polar bear (D)
  A jumping spider (D)
  2 merfolk (D)
  A bog body (D)
  A troll (D)
  5 blink frogs (D)
  2 redbacks (D)
  4 wraiths (D)
  5 yaks (D)
  A fire elemental (D)
  A fire bat (D)
  A steam dragon (D)
  4 nagas (D)
  A soldier ant (D)
  2 floating eyes (D)
  A water moccasin (D)
  A swamp drake (D)
  4 orc warriors (D)
  2 centaurs (D)
  A crocodile (D)
  A bullfrog (D)
  4 killer bees (D)
  2 quasits (D)
  3 orc priests (D)
  3 orc wizards (D)
  2 iguanas (D)
  A hell rat (D)
  2 mummies (D)
  2 gnolls (D)
  An adder (D)
  An ufetubus (D)
  An adder simulacrum (D)
  12 orcs (D)
  A goblin (D)
  7 jackals (D)
  2 kobolds (D)
  A quokka (D)
  2 bats (D)
  A frilled lizard (D)
  A rat (D)
122 creatures vanquished.

Vanquished Creatures (others)
  An orc (D)
1 creature vanquished.

Grand Total: 123 creatures vanquished

Notes
Turn   | Place    | Note
-------+----------+-------------------------------------------
     0 | D        | hilaritas the Minotaur Fighter began the quest for the Orb.
     0 | D        | Reached XP level 1. HP: 19/19 MP: 0/0
    60 | D        | Found a bloodstained altar of Trog.
    60 | D        | Found a deep blue altar of Sif Muna.
    60 | D        | Found a viscous altar of Jiyva.
    60 | D        | Found a hazy altar of Hepliaklqana.
    60 | D        | Found an opulent altar of Gozag.
    61 | D        | Found a glowing golden altar of the Shining One.
    61 | D        | Found a glowing silver altar of Zin.
    61 | D        | Found a basalt altar of Yredelemnul.
    61 | D        | Found a shimmering altar of Xom.
    61 | D        | Found a sacrificial altar of Ru.
    61 | D        | Found a stormy altar of Qazlal.
    61 | D        | Found an iron altar of Okawaru.
    61 | D        | Found a sparkling altar of Nemelex Xobeh.
    61 | D        | Found a burning altar of Makhleb.
    61 | D        | Found a blossoming altar of Fedhas.
    61 | D        | Found a white marble altar of Elyvilon.
    61 | D        | Found a shadowy altar of Dithmenos.
    61 | D        | Found a snail-covered altar of Cheibriados.
    63 | D        | Found a radiant altar of Vehumet.
    63 | D        | Found a corrupted altar of Lugonu.
    63 | D        | Found a roughly hewn altar of Beogh.
    64 | D        | Found a hide-covered altar of Uskayaw.
    64 | D        | Found an ancient bone altar of Kikubaaqudgha.
    64 | D        | Found a shattered altar of Ashenzari.
    72 | D        | Became a worshipper of Uskayaw the Reveler
    94 | D        | Reached skill level 4 in Fighting
    95 | D        | Reached * piety under Uskayaw
    97 | D        | Reached ** piety under Uskayaw
    98 | D        | Reached skill level 1 in Invocations
   188 | D        | Reached XP level 2. HP: 25/28 MP: 1/1
   236 | D        | Reached skill level 5 in Fighting
   236 | D        | Reached skill level 5 in Shields
   236 | D        | Reached XP level 3. HP: 25/36 MP: 1/3
   241 | D        | Reached *** piety under Uskayaw
   463 | D        | Noticed a floating eye
   465 | D        | Paralysed by a floating eye for 3 turns
   469 | D        | Paralysed by a floating eye for 4 turns
   474 | D        | Killed a floating eye
   474 | D        | Reached skill level 6 in Fighting
   474 | D        | Reached XP level 4. HP: 45/45 MP: 4/6
   474 | D        | Reached XP level 5. HP: 51/51 MP: 4/7
   608 | D        | Reached skill level 7 in Fighting
   687 | D        | Noticed a deep troll
   699 | D        | Killed a deep troll
   699 | D        | Reached skill level 8 in Fighting
   699 | D        | Reached XP level 6. HP: 22/62 MP: 4/10
   699 | D        | Reached XP level 7. HP: 24/69 MP: 4/11
   941 | D        | Noticed a fire bat
   944 | D        | Killed a fire bat
   944 | D        | Reached skill level 9 in Fighting
   949 | D        | Reached **** piety under Uskayaw
   960 | D        | Noticed a black mamba
   960 | D        | Noticed a kobold demonologist
   966 | D        | Noticed a hellwing
   967 | D        | Reached skill level 5 in Armour
   973 | D        | Killed a black mamba
   973 | D        | Reached skill level 10 in Fighting
   973 | D        | Reached XP level 8. HP: 51/79 MP: 12/12
   981 | D        | Noticed a soul eater
   991 | D        | Killed a kobold demonologist
  1413 | D        | Noticed a blink frog
  1414 | D        | Noticed a blink frog
  1414 | D        | Noticed a blink frog
  1448 | D        | Noticed a blink frog
  1448 | D        | Noticed a blink frog
  1471 | D        | Killed a blink frog
  1471 | D        | Reached skill level 11 in Fighting
  1473 | D        | Killed a blink frog
  1473 | D        | Reached XP level 9. HP: 41/89 MP: 8/14
  1473 | D        | Reached skill level 15 in Shields
  1478 | D        | Reached ***** piety under Uskayaw
  1480 | D        | Reached skill level 12 in Fighting
  1808 | D        | Noticed an ice devil
  1808 | D        | Noticed a freezing wraith
  1808 | D        | Noticed a vampire knight
  1809 | D        | Paralysed by something for 5 turns
  1818 | D        | Killed an ice devil
  1823 | D        | Killed a freezing wraith
  1828 | D        | HP: 7/90 [something (25)]
  1829 | D        | HP: 2/90 [something (25)]
  1830 | D        | Killed a vampire knight
  1830 | D        | Reached skill level 10 in Armour
  1830 | D        | Reached skill level 5 in Dodging
  1830 | D        | Reached skill level 10 in Invocations
  1830 | D        | Reached XP level 10. HP: 3/97 MP: 12/16
  2144 | D        | Noticed a merfolk siren
  2169 | D        | Killed a merfolk siren
  2262 | D        | Noticed an orc sorcerer
  2269 | D        | Killed an orc sorcerer
  2271 | D        | Noticed an orc knight
  2295 | D        | Killed an orc knight
  2305 | D        | Noticed an orc sorcerer
  2310 | D        | Killed an orc sorcerer
  2322 | D        | Reached skill level 13 in Fighting
  2461 | D        | Noticed a naga warrior
  2463 | D        | Noticed a deep elf sorcerer
  2464 | D        | Noticed a salamander mystic
  2476 | D        | HP: 2/101 [acid (10)]
  2493 | D        | Killed a naga warrior
  2494 | D        | Reached skill level 15 in Long Blades
  2496 | D        | Killed a deep elf sorcerer
  2496 | D        | Reached skill level 14 in Fighting
  2496 | D        | Reached XP level 11. HP: 57/110 MP: 18/18
  2497 | D        | Killed a salamander mystic
  2822 | D        | Noticed a lindwurm
  2841 | D        | Noticed an orc knight
  2848 | D        | Reached skill level 15 in Fighting
  2854 | D        | Killed a lindwurm
  2856 | D        | Reached ****** piety under Uskayaw
  2871 | D        | Killed an orc knight
  2871 | D        | Reached skill level 16 in Fighting
  2882 | D        | Reached skill level 17 in Fighting
  3004 | D        | Noticed a two-headed ogre
  3014 | D        | Killed a two-headed ogre
  3075 | D        | Noticed Erolcha
  3086 | D        | Killed Erolcha
  3086 | D        | Reached skill level 18 in Fighting
  3124 | D        | Gained mutation: You are clumsy. (Dex -2) [potion of mutation]
  3124 | D        | Gained mutation: Your system is resistant to poisons. (rPois) [potion of mutation]
  3125 | D        | Lost mutation: You are clumsy. (Dex -2) [potion of mutation]
  3125 | D        | Lost mutation: Your system is resistant to poisons. (rPois) [potion of mutation]
  3125 | D        | Gained mutation: You can translocate small distances at will. [potion of mutation]
  3125 | D        | Gained mutation: You evolve. [potion of mutation]
  3125 | D        | Gained mutation: You possess an exceptional clarity of mind. [potion of mutation]
  3358 | D        | Reached skill level 19 in Fighting
  3527 | D        | Noticed a sea snake
  3534 | D        | Killed a sea snake
  3543 | D        | Reached XP level 12. HP: 119/130 MP: 19/19
  3606 | D        | Noticed an emperor scorpion
  3633 | D        | HP: 11/132 [emperor scorpion (11)]
  3644 | D        | Killed an emperor scorpion
  3644 | D        | Reached skill level 20 in Fighting
  4036 | D        | Noticed a frost giant
  4036 | D        | Paralysed by a floating eye for 2 turns
  4050 | D        | Killed a frost giant
  4179 | D        | Noticed a naga warrior
  4196 | D        | Reached skill level 21 in Fighting
  4202 | D        | Killed a naga warrior
  4477 | D        | Noticed Josephine
  4484 | D        | Killed Josephine
  4487 | D        | Reached skill level 22 in Fighting
  4487 | D        | Reached skill level 15 in Armour
  4617 | D        | Noticed an orc warlord
  4617 | D        | Noticed an orc warlord
  4651 | D        | Slain by an orc knight

Skill      XL: |  1  2  3  4  5  6  7  8  9 10 11 12 |
---------------+-------------------------------------+-----
Armour         | 4 5 7 10 13 15 | 15.1
Fighting       | 4 5 6 8 10 11 12 14 19 22 | 22.1
Shields        | 4 5 7 11 13 14 15 | 15.3
Invocations    | 1 2 4 6 7 8 10 11 | 11.1
Long Blades    | 3 4 6 11 16 | 16.1
Dodging        | 5 8 |  8.4

Action                   |  1- 3 |  4- 6 |  7- 9 | 10-12 || total
-------------------------+-------+-------+-------+-------++-------
Melee: Long sword        |    49 |    49 |    34 |       ||   132
       Headbutt          |     3 |     8 |    16 |    69 ||    96
       Scimitar          |       |       |    39 |   278 ||   317
Invok: Stomp             |       |     2 |     6 |     9 ||    17
  Use: Potion            |     1 |     1 |     1 |    11 ||    14
 Stab: Paralysed         |     1 |     1 |     6 |    35 ||    43
  Eat: Chunk             |       |       |     4 |     9 ||    13
       Fruit             |       |       |       |     2 ||     2
Armor: Scale mail        |    53 |       |       |       ||    53
       Plate armour      |       |    37 |    38 |    37 ||   112
       Chain mail        |       |       |       |    29 ||    29
Dodge: Dodged            |    28 |    16 |    14 |    84 ||   142
Block: Shield            |    48 |    44 |    57 |   167 ||   316
       Rpst.: Long sword |     4 |     1 |     3 |       ||     8
       Scimitar          |       |       |       |    11 ||    11
